 Dungeon Crawl Stone Soup version 0.31-a0-175-g9f7f995f2b (webtiles) character file.

Game seed: 13732147257088607174

905 Moral the Trooper (level 8, -3/65 HPs)
             Began as a Barachi Fighter on June 17, 2023.
             Slain by a killer bee (8 damage)
             ... on level 5 of the Dungeon.
             The game lasted 00:12:09 (5696 turns).

Moral the Trooper (Barachi Fighter)                 Turns: 5696, Time: 00:12:09

Health: -3/65      AC:  8    Str: 17    XL:     8   Next: 8%
Magic:  17/17      EV: 10    Int:  9    God:
Gold:   230        SH: 10    Dex: 14    Spells: 7/7 levels left

rFire   + + +        a - +0 long sword
rCold   + + .        c - +0 buckler
rNeg    . . .        d - +1 ring mail {rC+}
rPois   .            (no helmet)
rElec   .            s - scarf {rC+ rF+}
rCorr   .            (no gloves)
SInv    .            f - +0 pair of boots
Will    .....        r - amulet of reflection Stlth
                     h - ring of protection from fire
HPRegen 0.30/turn    b - ring of magical power
MPRegen 0.15/turn

%: reflection
@: brilliant, silenced, unable to hop, slow
A: amphibious, slowness 1, strong legs 1, +LOS, fire resistance 1
a: Hop


You were on level 5 of the Dungeon.
You visited 1 branch of the dungeon, and saw 5 of its levels.

You collected 230 gold pieces.

Inventory:

Hand Weapons
 a - a +0 long sword (weapon)
Armour
 c - a +0 buckler (worn)
 d - a +1 ring mail of cold resistance (worn)
 f - a +0 pair of boots (worn)
 s - a scarf of resistance (worn)
Jewellery
 b - a ring of magical power (right hand)
 h - a ring of protection from fire (left hand)
 r - an amulet of reflection (around neck)
Scrolls
 e - a scroll of identify
 g - 2 scrolls of enchant armour
 i - a scroll of silence
 k - a scroll of poison {unknown}
 n - a scroll of teleportation
 q - a scroll of amnesia {unknown}
 t - a scroll of revelation {unknown}
 u - a scroll of blinking {unknown}
Potions
 j - a potion of enlightenment
 l - a potion of lignification {unknown}
 o - a potion of magic {unknown}


   Skills:
 + Level 6.4 Fighting
 + Level 5.8 Long Blades
 + Level 6.4 Armour
 + Level 5.9 Shields


You had 7 spell levels left.
You didn't know any spells.
Your spell library contained the following spells:

 Spells                   Type           Power      Damage    Failure   Level
 Sandblast                Erth           0%         2d4       65%         1
 Passwall                 Tmut/Erth      0%         N/A       78%         2
 Stone Arrow              Conj/Erth      0%         3d7       95%         3
 Summon Guardian Golem    Hex/Summ       0%         N/A       95%         3
 Volatile Blastmotes      Fire/Tloc      0%         2d10      95%         3
 Fulminant Prism          Conj/Hex       0%         3d5       100%        4
 Iskenderun's Mystic Bla  Conj/Tloc      0%         2d3       100%        4
 Lee's Rapid Deconstruct  Erth           0%         3d4*      100%        5
 Orb of Destruction       Conj           0%         9d5       100%        7
 Spellforged Servitor     Conj/Summ      0%         N/A       100%        7


Dungeon Overview and Level Annotations

Branches:
Dungeon (5/15)
 Temple: D:4-7

Altars:
Trog


Innate Abilities, Weirdness & Mutations

You are amphibious.
You cover ground slowly.
You can hop short distances.
You have an extended range of vision and can be seen from far away.
Your flesh is heat resistant. (rF+)


Message History

* * * LOW HITPOINT WARNING * * *
Okay, then.
You feel better. The killer bee barely misses you.
You block the killer bee's attack. The killer bee barely misses you.
The killer bee closely misses you.
The killer bee stings you but does no damage.
The killer bee closely misses you. The killer bee stings you.
The killer bee attacks as you move away!
You block the killer bee's attack. The killer bee closely misses you.
The killer bee barely misses you.
There is a stone staircase leading down here.
You hit the killer bee but do no damage.
The killer bee is moderately wounded.
The killer bee stings you. You block the killer bee's attack.
The killer bee barely misses you. x2
You miss the killer bee.
The killer bee is moderately wounded.
You block the killer bee's attack. The killer bee misses you.
The killer bee barely misses you. You block the killer bee's attack.
The killer bee stings you. The killer bee closely misses you.
You miss the killer bee.
The killer bee is moderately wounded.
The killer bee misses you. The killer bee stings you.
* * * LOW HITPOINT WARNING * * *
The killer bee stings you!
* * * LOW HITPOINT WARNING * * *
You block the killer bee's attack.
As you read the scroll labelled XILAWOXZETS, it crumbles to dust.
A profound silence engulfs you.
It was a scroll of silence.
The killer bee closely misses you. x3; The killer bee stings you.
* * * LOW HITPOINT WARNING * * *
Magic scrolls do not work when you're silenced!
Unknown command.
Magic scrolls do not work when you're silenced!
Magic scrolls do not work when you're silenced!
It was a potion of brilliance.
You feel clever all of a sudden.
The killer bee stings you but does no damage.
The killer bee stings you!
You die...

######### ###########.......#
#.........#.......#
#.........#.......#
.########...##+###.......####
........#...##...#.......#..#
#.......#...##...#.......#..#
#.......#..y.'...#.......#..#
#.......#..y@#...#.......#'##
#)......#..###..##...........
#....#..###..#....####....
#....'.......'...†#..#....
#....#.......#....'..#....
#....#.......#....#..#....
#....#####+###....#..#....
#.... .........#..#.... #....
.........#..#....


You could see 2 killer bees.

Vanquished Creatures
  A water moccasin (D:5)
  Pargi (D:4)
  2 black bears (D:3)
  An ice beast (D:5)
  2 hounds
  Crazy Yiuf (D:3)
  An orc priest (D:4)
  2 iguanas (D:5)
  Terence (D:3)
  2 orc wizards (D:4)
  12 adders
  A white imp (D:3)
  An ufetubus (D:4)
  A worm (D:2)
  2 dart slugs
  6 orcs
  4 ball pythons
  12 bats
  5 endoplasms
  5 giant cockroaches
  5 goblins
  2 hobgoblins
  2 jackals (D:2)
  5 quokkas
  2 frilled lizards
  2 kobolds
  3 rats
84 creatures vanquished.

Notes
Turn   | Place    | Note
-------+----------+-------------------------------------------
     0 | D:1      | Moral the Barachi Fighter began the quest for the Orb.
     0 | D:1      | Reached XP level 1. HP: 18/18 MP: 1/1
   254 | D:1      | Reached XP level 2. HP: 25/25 MP: 2/2
  1001 | D:2      | Reached XP level 3. HP: 26/30 MP: 3/3
  1484 | D:2      | Reached XP level 4. HP: 37/37 MP: 4/4
  1649 | D:2      | Gained mutation: You have a pair of small antennae on your
                  | head. [potion of mutation]
  1649 | D:2      | Gained mutation: You sometimes lose your temper in combat.
                  | [potion of mutation]
  1650 | D:2      | Lost mutation: You have a pair of small antennae on your
                  | head. [potion of mutation]
  1650 | D:2      | Lost mutation: You sometimes lose your temper in combat.
                  | [potion of mutation]
  1650 | D:2      | Gained mutation: Your flesh is heat resistant. (rF+)
                  | [potion of mutation]
  1911 | D:2      | Found a faded altar of an unknown god.
  1911 | D:2      | Noticed a shadow demon
  2192 | D:3      | Noticed Terence
  2217 | D:3      | Killed Terence
  2414 | D:3      | Found a runed translucent door.
  2415 | D:3      | Noticed Crazy Yiuf
  2456 | D:3      | Killed Crazy Yiuf
  2457 | D:3      | Reached XP level 5. HP: 43/43 MP: 5/5
  3250 | D:4      | Noticed a black bear
  3251 | D:4      | Found a bloodstained altar of Trog.
  3251 | D:4      | Noticed a black bear
  3266 | D:3      | Killed a black bear
  3267 | D:3      | Reached skill level 5 in Fighting
  3267 | D:3      | Reached skill level 5 in Armour
  3267 | D:3      | Reached XP level 6. HP: 43/51 MP: 6/6
  3305 | D:3      | Killed a black bear
  3784 | D:4      | Reached skill level 5 in Shields
  3804 | D:4      | Reached XP level 7. HP: 27/56 MP: 7/7
  4577 | D:4      | Reached skill level 5 in Long Blades
  4890 | D:4      | Noticed Pargi
  4903 | D:4      | Killed Pargi
  5154 | D:5      | Entered Level 5 of the Dungeon
  5515 | D:5      | Reached XP level 8. HP: 47/65 MP: 8/8
  5696 | D:5      | Slain by a killer bee

Illustrated notes

Levels and vault maps discovered:
D:1:      noname_arrival_rooms_in_the_neighbourhood, layout_loops_ring
D:2:      layout_basic, dreamdust_ecumenical_altar_sealed_demon
D:3:      layout_loops_ring, nicolae_kite_square_tiling_tiny,
          uniq_crazy_yiuf_cottage, uniq_terence
D:4:      layout_cave_pools, trog_ov_bears_minmay, roderic_batcave, uniq_pargi
D:5:      layout_gridville, serial_bayou_pond_e

Skill      XL: |  1  2  3  4  5  6  7 |
---------------+----------------------+-----
Fighting       | 4 5 6 |  6.4
Long Blades    | 3 4 5 |  5.8
Armour         | 4 5 6 |  6.4
Shields        | 4 5 |  5.9

Action                     |  1- 3 |  4- 6 |  7- 9 || total
---------------------------+-------+-------+-------++-------
  Melee: Long sword        |    84 |   197 |   184 ||   465
Ability: Hop               |       |     2 |     3 ||     5
    Use: Scroll            |       |     9 |     2 ||    11
         Potion            |       |     4 |     2 ||     6
 Armour: Scale mail        |    43 |     5 |       ||    48
         Ring mail         |       |   135 |   191 ||   326
  Dodge: Dodged            |    50 |   104 |   222 ||   376
  Block: Buckler           |    23 |    47 |   163 ||   233

Table legend: (Time is in decaauts)
 A = Elapsed time spent in this place.
 B = Non-inter-level travel time spent in this place.
 C = Inter-level travel time spent in this place.
 D = Time resting spent in this place.
 E = Time spent auto-exploring this place.
 F = Levels seen in this place.
 G = Mean time per level.
                   A        B        C        D        E       F      G
               +--------+--------+--------+--------+--------+-----+--------+
         Total |   6413 |   6213 |    200 |   1666 |   3162 |   5 | 1282.6 |
       Dungeon |   6413 |   6213 |    200 |   1666 |   3162 |   5 | 1282.6 |
               +--------+--------+--------+--------+--------+-----+--------+

Top non-repeatable levels by time:
     D:3: 1847 daAuts
     D:4: 1444 daAuts
     D:2: 1391 daAuts
     D:1: 1121 daAuts
     D:5: 608 daAuts
